 Dungeon Crawl Stone Soup version 0.22-a0-283-g1871b15 (webtiles) character file.

9857 vishdafish the Carver (level 11, -5/67 HPs)
             Began as a Gargoyle Fighter on Mar 18, 2018.
             Was a Priest of Kikubaaqudgha.
             Killed by the air
             ... invoked by Gastronok
              (16 damage)
             ... on level 10 of the Dungeon.
             The game lasted 00:36:55 (11860 turns).

vishdafish the Carver (Gargoyle Fighter)           Turns: 11860, Time: 00:36:57

Health: -5/67      AC: 22    Str: 19    XL:     11   Next: 53%
Magic:  0/19       EV: 13    Int: 13    God:    Kikubaaqudgha [***...]
Gold:   852        SH: 11    Dex: 16    Spells: 16/20 levels left

rFire    . . .     SeeInvis .   K - +2 scimitar (holy)
rCold    + . .     Gourm    .   c - +0 shield
rNeg     + . .     Faith    .   y - +0 ring mail
rPois    ∞         Spirit   +   w - +2 hat
rElec    +         Reflect  .   n - +0 cloak
rCorr    .         Harm     .   g - +2 pair of gloves {Dex+3}
MR       .....     Clarity  +   x - +0 pair of boots
Stlth    ++........             L - amulet of guardian spirit
HPRegen  0.21/turn              q - ring of protection from cold
MPRegen  0.16/turn              (no ring)

@: slowed, very slow
A: thin skeletal structure 2, clarity, negative energy resistance 1, electricity
resistance, unbreathing, petrification resistance, rot immunity, AC +8
a: Receive Corpses, Renounce Religion


You were on level 10 of the Dungeon.
You worshipped Kikubaaqudgha.
Kikubaaqudgha was most pleased with you.
You were not hungry.

You visited 1 branch of the dungeon, and saw 10 of its levels.
You also visited: Bailey.

You collected 852 gold pieces.

Inventory:

Hand Weapons
 a - a +0 long sword
 G - a +3 long sword
 K - a +2 scimitar of holy wrath (weapon)
Armour
 b - a +0 scale mail
 c - a +0 shield (worn)
 g - a +2 pair of gloves of dexterity (worn)
 n - a +0 cloak (worn)
 w - a +2 hat (worn)
 x - a +0 pair of boots (worn)
 y - a +0 ring mail (worn)
Jewellery
 q - a ring of protection from cold (left hand)
 s - an uncursed ring of fire
 L - an amulet of guardian spirit (around neck)
 M - a +3 amulet of reflection {unknown}
Wands
 h - a wand of polymorph (10)
 k - a wand of enslavement (1)
 m - a wand of flame (30)
Scrolls
 d - 8 scrolls of teleportation
 i - 2 scrolls of remove curse
 j - a scroll of fog
 r - 2 scrolls of immolation
 u - 4 scrolls of enchant armour
 v - 3 scrolls of random uselessness
 B - a scroll of fear
 D - 3 scrolls of amnesia
 E - 2 scrolls of identify
 H - a scroll of magic mapping
 I - a scroll of torment
Potions
 e - 3 potions of lignification
 l - 2 potions of brilliance
 o - 3 potions of magic
 p - a potion of mutation
 t - a potion of heal wounds
 z - a potion of cancellation
 A - a potion of agility
 C - a potion of flight
 F - 2 potions of might
Comestibles
 f - 18 rations


   Skills:
 + Level 7.1 Fighting
 + Level 8.0 Long Blades
 + Level 6.9 Armour
 + Level 5.6 Dodging
 + Level 7.0 Shields
 + Level 5.4 Spellcasting
 - Level 6.6 Necromancy


You had 16 spell levels left.
You knew the following spells:

 Your Spells              Type           Power        Failure   Level  Hunger
a - Animate Skeleton      Necr           N/A          5%          1    None
b - Pain                  Necr           ###.         5%          1    None
c - Corpse Rot            Necr           N/A          8%          2    ##.....


Dungeon Overview and Level Annotations

Branches:
Dungeon (10/15)            Temple (0/1) D:7            Lair (0/6) D:9
    Orc: D:9-12

Altars:
Ashenzari
Dithmenos
Gozag
Kikubaaqudgha
Makhleb
Ru
Sif Muna
Trog
Uskayaw
Vehumet
Xom

Shops:
D:5 (

Annotations:
D:10 Gastronok


Innate Abilities, Weirdness & Mutations

You are resistant to torment.
Your stone body is resilient. (AC +8)
You are immune to poison.
You resist negative energy. (rN+)
You are resistant to electric shocks. (rElec)
You can survive without breathing.
You are immune to petrification.
You are immune to rotting.
You have a moderately thin skeletal structure. (Dex +4, Stealth+)
You possess an exceptional clarity of mind.


Message History

You feel your power leaking away. Gastronok casts a spell at you.
You feel yourself slow down.
As you read the scroll of torment, it crumbles to dust.
Your body is wracked with pain!
Gastronok convulses!
The hound convulses!
The eye of draining convulses!
The eye of draining gazes at you.
You feel your power leaking away.
You slash Gastronok!
Gastronok is almost dead.
Gastronok waves his eye-stalks in wide circles.
The air twists around and strikes you!
* * * LOW HITPOINT WARNING * * *
You hit Gastronok.
Gastronok is almost dead.
Gastronok gurgles, "I'll eat you, I will!"
Gastronok waves his eye-stalks in wide circles.
The air twists around and strikes you!
You die...
Kikubaaqudgha rasps: "You have failed me!
Welcome... oblivion!"

#..[≈≈≈≈≈..#
#..≈.≈≈≈...# .#
#...≈.≈..... ##.#
#...........# ...#
#.##.#.......#... #. #.#
#####...### # #.#
####....###
..#.##<#####....##.>.#.
......(.........@whG....
.....##.###..##########.
...# #.##..## .. #.#..##
#.#.# #... #..# #..


You could see Gastronok, an eye of draining and a hound.

Vanquished Creatures
  A two-headed ogre (D:9)
  The ghost of mhoghedin the Nimble, a novice TeWz of Kikubaaqudgha (D:9)
  Pikel (D:5)
  A gargoyle (D:6)
  A queen bee (D:8)
  A troll (D:10)
  A hippogriff (D:9)
  6 yaks (D:9)
  A wraith (D:10)
  Eustachio (D:5)
  Menkaure (D:5)
  A warg (D:8)
  Edmund (D:5)
  Duvessa (D:7)
  7 orc warriors
  An ice beast (D:6)
  2 sky beasts (D:6)
  6 phantoms
  4 ogres
  7 centaurs
  7 killer bees (D:8)
  2 big kobolds (D:4)
  6 bullfrogs
  Dowan (D:7)
  8 wights (D:8)
  4 howler monkeys
  2 electric eels (D:9)
  4 crimson imps
  A centaur zombie (D:3)
  3 jellies
  9 orc wizards
  3 hounds
  A bullfrog skeleton (D:6)
  9 orc priests
  A centaur skeleton (D:9)
  Crazy Yiuf (D:2)
  6 iguanas
  4 worker ants
  2 hound zombies
  2 hound skeletons
  A howler monkey zombie (D:6)
  10 gnolls
  A howler monkey skeleton (D:4)
  10 adders
  4 shadow imps
  3 oozes
  An adder zombie (D:6)
  8 worms
  7 dart slugs
  An adder simulacrum (D:10)
  A leopard gecko (D:4)
  39 orcs
  7 bats
  A giant cockroach (D:1)
  10 goblins
  14 hobgoblins
  19 jackals
  2 quokkas
  3 ball pythons
  2 frilled lizards
  A jackal skeleton (D:4)
  35 kobolds
  A leopard gecko skeleton (D:6)
  7 rats
310 creatures vanquished.

Vanquished Creatures (collateral kills)
  3 killer bees (D:8)
3 creatures vanquished.

Vanquished Creatures (others)
  A slave (D:5)
  A centaur (D:5)
  5 killer bees (D:8)
  A gnoll (Bailey)
  An orc (D:7)
9 creatures vanquished.

Grand Total: 322 creatures vanquished

Notes
Turn   | Place    | Note
-------+----------+-------------------------------------------
     0 | D:1      | vishdafish the Gargoyle Fighter began the quest for the Orb.
     0 | D:1      | Reached XP level 1. HP: 14/14 MP: 1/1
    26 | D:1      | Reached XP level 2. HP: 8/19 MP: 2/2
   410 | D:1      | Reached skill level 2 in Long Blades
   534 | D:1      | Reached XP level 3. HP: 23/23 MP: 3/3
   915 | D:2      | Found a faded altar of an unknown god.
  1022 | D:2      | Noticed a moth of wrath
  1024 | D:2      | Found a bloodstained altar of Trog.
  1046 | D:2      | Reached XP level 4. HP: 20/29 MP: 4/4
  1330 | D:2      | Found a deep blue altar of Sif Muna.
  1350 | D:2      | You fall through a shaft!
  1410 | D:3      | Reached skill level 3 in Long Blades
  1786 | D:3      | Reached XP level 5. HP: 29/33 MP: 5/5
  2214 | D:2      | Found a runed door.
  2270 | D:2      | Reached skill level 1 in Dodging
  2580 | D:2      | Noticed Crazy Yiuf
  2595 | D:2      | Killed Crazy Yiuf
  2977 | D:3      | Reached XP level 6. HP: 33/38 MP: 6/6
  3115 | D:4      | Found an opulent altar of Gozag.
  3407 | D:4      | Found a sacrificial altar of Ru.
  3422 | D:4      | Reached skill level 4 in Long Blades
  3488 | D:4      | Found an ancient bone altar of Kikubaaqudgha.
  3507 | D:4      | Reached XP level 7. HP: 35/44 MP: 7/7
  3524 | D:4      | HP: 2/44 [orc priest/divine providence (12)]
  3784 | D:4      | Became a worshipper of Kikubaaqudgha
  3882 | D:4      | Reached skill level 5 in Fighting
  3907 | D:4      | Reached skill level 5 in Shields
  4391 | D:4      | Reached skill level 5 in Armour
  4391 | D:4      | Reached XP level 8. HP: 47/49 MP: 8/8
  4423 | D:5      | Entered Level 5 of the Dungeon
  4452 | D:5      | Found Kennuepp's Antique Weapon Emporium.
  4468 | D:5      | Noticed Pikel
  4514 | D:5      | Killed Pikel
  4514 | D:5      | Reached skill level 5 in Long Blades
  4560 | D:5      | Noticed Edmund
  4588 | D:5      | Killed Edmund
  4863 | D:5      | Found a shattered altar of Ashenzari.
  4864 | D:5      | Noticed Eustachio
  4923 | D:5      | Reached XP level 9. HP: 46/55 MP: 9/9
  5005 | D:5      | Killed Eustachio
  5027 | D:5      | Noticed Menkaure
  5034 | D:5      | Found a shadowy altar of Dithmenos.
  5037 | D:5      | Killed Menkaure
  5040 | D:5      | Found a shimmering altar of Xom.
  5111 | D:5      | Found a glowing drain.
  5131 | D:5      | Reached * piety under Kikubaaqudgha
  5131 | D:5      | Identified Kikubaaqudgha's Disquisition on Unholy Rituals (Kikubaaqudgha gifted it to you on level 5 of the Dungeon)
  5131 | D:5      | Received a gift from Kikubaaqudgha
  5630 | D:5      | Found a burning altar of Makhleb.
  5771 | D:6      | Reached skill level 1 in Necromancy
  5960 | D:6      | Gained mutation: You have a pair of small antennae on your head. [potion of mutation]
  5960 | D:6      | Gained mutation: You are resistant to hostile enchantments. (MR+) [potion of mutation]
  6036 | D:6      | Reached skill level 1 in Spellcasting
  6220 | D:6      | Found a hide-covered altar of Uskayaw.
  6228 | D:6      | Lost mutation: You have a pair of small antennae on your head. [potion of mutation]
  6228 | D:6      | Lost mutation: You are resistant to hostile enchantments. (MR+) [potion of mutation]
  6228 | D:6      | Gained mutation: You have a somewhat thin skeletal structure. (Dex +2, Stealth) [potion of mutation]
  6228 | D:6      | Gained mutation: You are partially covered in large bone plates. (SH +4) [potion of mutation]
  6306 | D:6      | Reached skill level 6 in Long Blades
  6663 | D:6      | Noticed a gargoyle
  6691 | D:6      | Killed a gargoyle
  6691 | D:6      | Reached XP level 10. HP: 14/61 MP: 13/13
  6694 | D:6      | Reached ** piety under Kikubaaqudgha
  7203 | D:6      | Found a radiant altar of Vehumet.
  7227 | D:6      | Reached skill level 5 in Dodging
  7559 | D:7      | Noticed Duvessa
  7560 | D:7      | Noticed Dowan
  7587 | D:7      | Killed Duvessa
  7602 | D:7      | Killed Dowan
  7619 | D:7      | Found a flagged portal.
  7704 | Bailey   | Entered a bailey
  7710 | Bailey   | Noticed an orc warlord
  7947 | Bailey   | Learned a level 1 spell: Animate Skeleton
  7964 | Bailey   | Learned a level 1 spell: Pain
  7977 | Bailey   | Learned a level 2 spell: Corpse Rot
  8073 | Bailey   | Found a runed gate.
  8074 | Bailey   | Found a runed gate.
  8076 | Bailey   | Found a runed gate.
  8111 | Bailey   | Reached skill level 5 in Necromancy
  8349 | Bailey   | Lost mutation: You have a somewhat thin skeletal structure. (Dex +2, Stealth) [potion of mutation]
  8349 | Bailey   | Lost mutation: You are partially covered in large bone plates. (SH +4) [potion of mutation]
  8349 | Bailey   | Gained mutation: Your large and strong wings let you fly indefinitely. [potion of mutation]
  8349 | Bailey   | Gained mutation: You passively map a small area around you. [potion of mutation]
  8350 | Bailey   | Lost mutation: You passively map a small area around you. [potion of mutation]
  8350 | Bailey   | Lost mutation: Your large and strong wings let you fly indefinitely. [potion of mutation]
  8350 | Bailey   | Gained mutation: You have a somewhat thin skeletal structure. (Dex +2, Stealth) [potion of mutation]
  8350 | Bailey   | Gained mutation: You possess an exceptional clarity of mind. [potion of mutation]
  8350 | Bailey   | Gained mutation: You have a moderately thin skeletal structure. (Dex +4, Stealth+) [potion of mutation]
  8389 | Bailey   | Noticed a sphinx
  8389 | Bailey   | an orc warlord changed into a sphinx
  8459 | D:7      | Reached skill level 7 in Long Blades
  9148 | D:7      | Found a staircase to the Ecumenical Temple.
  9514 | D:8      | Reached *** piety under Kikubaaqudgha
  9514 | D:8      | Identified Kikubaaqudgha's Tome of Evil Secrets (Kikubaaqudgha gifted it to you on level 8 of the Dungeon)
  9514 | D:8      | Received a gift from Kikubaaqudgha
 10090 | D:8      | Reached XP level 11. HP: 66/66 MP: 17/17
 10545 | D:9      | Found a staircase to the Lair.
 10645 | D:9      | Noticed a two-headed ogre
 10663 | D:9      | Killed a two-headed ogre
 10663 | D:9      | Reached skill level 5 in Spellcasting
 11712 | D:9      | Noticed mhoghedin's ghost (novice TeWz)
 11737 | D:9      | Killed mhoghedin's ghost
 11737 | D:9      | Reached skill level 8 in Long Blades
 11767 | D:10     | Entered Level 10 of the Dungeon
 11825 | D:10     | Noticed Gastronok
 11860 | D:10     | Killed from afar by Gastronok

Vault maps used:
D:1:      mrwooster_arrival_statue_3, minmay_heptomino_o4
D:2:      lemuel_blue_sif_altar, tgw_trog, first_ration,
          chequers_ecumenical_altar_simple, uniq_crazy_yiuf_cottage
D:4:      cheibrodos_thug_alley, kiku_gazebo_pond_becter,
          nicolae_ru_great_annihilating_truth,
          nicolae_gozag_cash_rules_everything_around_me, nicolae_zen_rock_garden
D:5:      lemuel_round_altar, makhleb_blood_cavern_becter,
          gammafunk_temple_overflow_wave, cheibrodos_sewer_entry_bend,
          serial_shops, shop, uniq_menkaure, uniq_edmund, uniq_pikel,
          uniq_eustachio
D:6:      kennysheep_windowed_halls, eat_drink_and_be_merry_uskayaw,
          vehumet_altar_wand_db
D:7:      minmay_temple_entry_trees, enter_bailey_2, minmay_misc_feat_rows,
          uniq_duvessa
D:8:      david_nohive_1
D:9:      lair_entry_dummy
D:10:     david_orc_2, serial_ice, serial_ice_k, serial_ice_c, serial_ice_m,
          serial_ice_f, uniq_gastronok
Bailey:   bailey_axe_bossmonster_kennysheep, bailey

Skill      XL: |  1  2  3  4  5  6  7  8  9 10 11 |
---------------+----------------------------------+-----
Long Blades    | 2 3 4 5 6 7 8 |  8.0
Shields        | 4 5 6 7 |  7.0
Fighting       | 4 5 6 7 |  7.1
Dodging        | 1 2 3 4 5 |  5.6
Armour         | 4 5 6 |  6.9
Necromancy     | 3 6 |  6.6
Spellcasting   | 2 4 5 |  5.4

Action                   |  1- 3 |  4- 6 |  7- 9 | 10-12 || total
-------------------------+-------+-------+-------+-------++-------
Melee: Long sword        |   120 |   237 |   580 |   660 ||  1597
       Scimitar          |       |       |       |   126 ||   126
 Cast: Pain              |       |       |       |    57 ||    57
       Animate Skeleton  |       |       |       |     8 ||     8
Invok: Receive Corpses   |       |       |       |     3 ||     3
Evoke: Wand              |       |       |       |    15 ||    15
  Use: Potion            |     1 |     1 |    10 |     6 ||    18
       Scroll            |     2 |     8 |     4 |    12 ||    26
 Stab: Invisible         |       |     2 |     5 |       ||     7
       Sleeping          |       |       |       |     1 ||     1
  Eat: Chunk             |       |     5 |     8 |    10 ||    23
       Ration            |       |     1 |     1 |     3 ||     5
Armor: Scale mail        |    39 |    61 |   262 |   149 ||   511
       Leather armour    |     6 |    27 |       |       ||    33
       Skin              |       |     6 |     1 |    21 ||    28
       Ring mail         |       |       |       |   156 ||   156
Dodge: Dodged            |    45 |    76 |   233 |   303 ||   657
Block: Shield            |    67 |   119 |   349 |   521 ||  1056
       Rpst.: Long sword |    12 |    21 |    68 |    77 ||   178
       Scimitar          |       |       |       |     9 ||     9

Table legend:
 A = Spawn XP
 B = Non-spawn XP
 C = Spawn XP percentage of total XP
 D = Spawn monster count
 E = Non-spawn monster count
 F = Spawn count percentage of total count
 G = Total turns spent on level
                    A         B        C        D         E        F      G
               +---------+---------+-------+---------+---------+-------+---------
         Total |       0 |   14082 |   0.0 |       0 |     317 |   0.0 | 11860
               +---------+---------+-------+---------+---------+-------+---------
           D:1 |       0 |      52 |   0.0 |       0 |      28 |   0.0 |   915
           D:2 |       0 |     163 |   0.0 |       0 |      30 |   0.0 |  1555
           D:3 |       0 |     108 |   0.0 |       0 |      16 |   0.0 |   603
           D:4 |       0 |    1018 |   0.0 |       0 |      46 |   0.0 |  1397
           D:5 |       0 |    1593 |   0.0 |       0 |      24 |   0.0 |  1251
           D:6 |       0 |    2782 |   0.0 |       0 |      54 |   0.0 |  1727
           D:7 |       0 |    1110 |   0.0 |       0 |      28 |   0.0 |  1130
           D:8 |       0 |    2164 |   0.0 |       0 |      38 |   0.0 |  1130
           D:9 |       0 |    3855 |   0.0 |       0 |      24 |   0.0 |  1355
          D:10 |       0 |     494 |   0.0 |       0 |       3 |   0.0 |    93
        Bailey |       0 |     743 |   0.0 |       0 |      26 |   0.0 |   704
               +---------+---------+-------+---------+---------+-------+---------
